 Dungeon Crawl Stone Soup version 0.27.1-33-g824d729ab1 (webtiles) character file.

Game seed: 6097547842390459707

155 belegose the Ducker (level 5, -1/41 HPs)
             Began as a Merfolk Gladiator on Dec 17, 2021.
             Was an Initiate of Dithmenos.
             Slain by Edmund (12 damage)
             ... on level 3 of the Dungeon.
             The game lasted 00:06:00 (3772 turns).

belegose the Ducker (Merfolk Gladiator)             Turns: 3772, Time: 00:06:01

Health: -1/41      AC:  8    Str: 15    XL:     5   Next: 37%
Magic:  5/5        EV: 12    Int:  8    God:    Dithmenos [......]
Gold:   160        SH:  0    Dex: 15    Spells: 4/4 levels left

rFire    + . .     SeeInvis .   b - +0 dagger (elec)
rCold    . . .     Faith    .   (no shield)
rNeg     . . .     Spirit   .   e - +1 ring mail {rF+}
rPois    .         Reflect  .   c - +0 helmet
rElec    .         Harm     .   (no cloak)
rCorr    .         Rampage  .   f - +0 pair of gloves
Will     .....                  (no boots)
Stlth    +.........             (no amulet)
HPRegen  0.13/turn              (no ring)
MPRegen  0.09/turn              (no ring)

@: no status effects
A: (nimble swimmer 2), mertail
a: Renounce Religion


You were on level 3 of the Dungeon.
You worshipped Dithmenos.
Dithmenos was noncommittal.
You visited 1 branch of the dungeon, and saw 4 of its levels.

You collected 160 gold pieces.

Inventory:

Hand Weapons
 a - a +0 long sword
 b - a +0 dagger of electrocution (weapon)
Missiles
 d - 2 throwing nets (quivered)
 h - 74 stones
 i - 8 boomerangs
Armour
 c - a +0 helmet (worn)
 e - a +1 ring mail of fire resistance (worn)
 f - a +0 pair of gloves (worn)
 u - a +0 ring mail of cold resistance
Scrolls
 g - 2 scrolls of fog {unknown}
 j - a scroll of noise {unknown}
 o - 3 scrolls of enchant weapon {unknown}
 q - 3 scrolls of silence {unknown}
 s - a scroll of immolation {unknown}
 t - a scroll of summoning {unknown}
Potions
 k - a potion of magic {unknown}
 l - a potion of lignification {unknown}
 m - a potion of resistance {unknown}
 n - 3 potions of degeneration {unknown}
 p - a potion of curing {unknown}
 r - a potion of flight {unknown}


   Skills:
 + Level 3.0 Fighting
 + Level 4.4 Long Blades
 + Level 2.4 Throwing
 - Level 0.2 Armour
 + Level 5.0 Dodging
 + Level 1.8 Stealth
 + Level 1.2 Invocations


You had 4 spell levels left.
You didn't know any spells.
Your spell library was empty.

Dungeon Overview and Level Annotations

Branches:
Dungeon (4/15)
 Temple: D:4-7

Altars:
Ashenzari
Dithmenos
Nemelex Xobeh
Trog

Shops:
D:1 *

Annotations:
D:2 1 runed translucent door, exclusion: door, Crazy Yiuf
D:3 Edmund


Innate Abilities, Weirdness & Mutations

((You are quick and stealthy near water. (Stealth+, EV+, Speed+++)))
Your lower body shifts to a powerful aquatic tail in water.


Message History

Edmund hits you but does no damage.
You climb upwards.
There is a stone staircase leading down here.
Edmund says, "I might not be good at magic, but I can still kill you!"
You closely miss Edmund.
Edmund is lightly wounded.
Edmund hits you with a +2 flail of protection.
You closely miss Edmund.
Edmund is lightly wounded.
You hit Edmund. Lightning courses through Edmund!
Edmund is heavily wounded.
Edmund closely misses you.
You hit Edmund but do no damage.
Edmund is heavily wounded.
Edmund says, "People think my brother is the best.
I think he's crazy."
Edmund barely misses you.
You hit Edmund but do no damage.
Edmund is moderately wounded.
Edmund hits you with a +2 flail of protection!
You barely miss Edmund.
Edmund is moderately wounded.
Edmund closely misses you.
You hit Edmund but do no damage.
Edmund is moderately wounded.
Edmund hits you but does no damage.
You hit Edmund but do no damage.
Edmund is moderately wounded.
You hit Edmund but do no damage. Lightning courses through Edmund!
Edmund is severely wounded.
Edmund barely misses you.
You hit Edmund but do no damage.
Edmund is severely wounded.
Edmund hits you with a +2 flail of protection!
* * * LOW HITPOINT WARNING * * *
Throw: 3 throwing nets
Press: ? - help, Q - select action, (/) - cycle Shift-Dir - straight line, f - Edmund
Aim: Edmund, wielding a +2 flail of protection and wearing a +0 leather armour (severely wounded, 60% to hit)
You throw a throwing net. The throwing net barely misses Edmund.
Edmund hits you with a +2 flail of protection!
You die...

....##.#..##.#.###
#....#####.##.
....##.##.##)#...#
#....##....##.
#......##.....##.#
####.##.##....
#.#.....##.#..##.####
#.##.##.###
..#.###.#.....##....###....#..#
..+.# #......######.....####.##
..### ####...# #.....'.##.<#
..### #......#######....#.##..#
....# #.###.>..@@..#....#.##..#
..#.###.# ########.#....#.....#
#.#.....# #...)..#....####.##
..#..#### #.#.####....# #.####
#.#..##### #...........# #.##<.
.........# ###.####....# #.####
..###.##.# #.##.#....# #.....
......##.#########......#
#####.
.#######.........#)#....# #.


You could see Edmund.

Vanquished Creatures
  A scorpion (D:3)
  3 adders
  2 ufetubi (D:4)
  An adder skeleton (D:4)
  6 orcs
  5 ball pythons
  4 endoplasms (D:1)
  3 giant cockroaches
  4 goblins
  3 hobgoblins
  3 jackals (D:2)
  A bat (D:1)
  5 kobolds
  8 rats
49 creatures vanquished.

Notes
Turn   | Place    | Note
-------+----------+-------------------------------------------
     0 | D:1      | belegose the Merfolk Gladiator began the quest for the Orb.
     0 | D:1      | Reached XP level 1. HP: 16/16 MP: 1/1
   469 | D:1      | Reached XP level 2. HP: 17/22 MP: 2/2
   690 | D:1      | Found Ysmurel's General Store.
   909 | D:1      | Found a faded altar of an unknown god.
  1611 | D:2      | Found a runed translucent door.
  1612 | D:2      | Noticed Crazy Yiuf
  1680 | D:2      | Reached XP level 3. HP: 28/28 MP: 3/3
  1831 | D:2      | Reached skill level 1 in Stealth
  1913 | D:2      | Found a bloodstained altar of Trog.
  2580 | D:3      | Found a shadowy altar of Dithmenos.
  2636 | D:3      | Became a worshipper of Dithmenos the Shadowed
  2919 | D:3      | Noticed a scorpion
  2933 | D:3      | Killed a scorpion
  2934 | D:3      | Reached XP level 4. HP: 34/34 MP: 4/4
  3110 | D:3      | Reached skill level 1 in Invocations
  3110 | D:3      | Reached XP level 5. HP: 40/40 MP: 5/5
  3314 | D:4      | Noticed Edmund
  3425 | D:4      | Found a sparkling altar of Nemelex Xobeh.
  3438 | D:4      | Reached skill level 5 in Dodging
  3494 | D:4      | Found a broken altar of Ashenzari.
  3692 | D:4      | Noticed an ogre
  3772 | D:3      | Slain by Edmund

Illustrated notes

Levels and vault maps discovered:
D:1:      matt_arrival_spirals, layout_loops_corners, basic_ecumenical_altar,
          serial_shops, nicolae_square_shop, minmay_misc_feat_room,
          minmay_misc_feat_hallway
D:2:      layout_basic, basic_altar, uniq_crazy_yiuf_cottage
D:3:      layout_basic, nicolae_dithmenos_the_darkroom
D:4:      layout_cave_pods, general_overflow_altar, nzn_hepliaklqana_mist_gate,
          lemuel_coloured_pillars_altar, uniq_edmund, uniq_ijyb

Skill      XL: |  1  2  3  4  5 |
---------------+----------------+-----
Stealth        | 1 |  1.8
Long Blades    | 4 |  4.4
Invocations    | 1 |  1.2
Fighting       | 3 |  3.0
Dodging        | 5 |  5.0
Throwing       | |  2.4
Armour         | |  0.2

Action                   |  1- 3 |  4- 6 || total
-------------------------+-------+-------++-------
Melee: Long sword        |    89 |       ||    89
       Dagger            |     1 |    52 ||    53
Throw: Throwing net      |     1 |     1 ||     2
       Boomerang         |       |     4 ||     4
 Stab: Sleeping          |     2 |       ||     2
       Held in net/web   |     1 |       ||     1
Armor: Leather armour    |     4 |       ||     4
       Ring mail         |    23 |    22 ||    45
Dodge: Dodged            |    58 |    32 ||    90
       Rpst.: Long sword |    24 |       ||    24
